[Event "13th KIIT Festival-A 2022"]
[Site "Bhubaneswar"]
[Date "2022.05.27"]
[Round "8.11"]
[White "Ram Aravind L N"]
[Black "Rohith Krishna S"]
[Result "1/2-1/2"]
[ECO "C93"]
[WhiteElo "2116"]
[BlackElo "2337"]
[Annotator "TA"]
[PlyCount "141"]
[EventDate "2022.05.15"]
[EventType "swiss"]
[EventCountry "IND"]
[SourceTitle "playchess.com"]
[Source "ChessBase"]
[SourceQuality "1"]
[TimeControl "5400+30"]

1. e4 e5 2. Nf3 Nc6 3. Bb5 a6 4. Ba4 Nf6 5. O-O Be7 6. Re1 b5 7. Bb3 d6 8. c3 O-O 9. h3 h6 10. d3 Re8 {[%emt 0:02:26] C93: Closed Ruy Lopez: Smyslov Variation.} 11. Nbd2 Bf8 12. d4 Na5 {[%emt 0:05:29] The position is equal.} 13. Bc2 $1 c5 14. d5 {[%emt 0:00:29] [#]} Nh5 $146 ({Predecessor:} 14... c4 15. b4 cxb3 16. axb3 Qc7 17. b4 Nb7 18. Bb2 Nd7 19. Qe2 Nb6 20. Rec1 Bd7 {1-0 (35) Shanava,K (2556)-Javakhadze,Z (2354) Poti 2010}) 15. Nf1 g6 16. Kh2 Nf4 17. Ng1 Qd7 18. Qf3 Bg7 19. Kh1 (19. Bxf4 exf4 20. Nd2 Qd8 $11) 19... Nc4 20. a4 Bb7 21. b3 Na5 22. c4 Qc7 23. Qc3 Bc8 24. Bd2 (24. cxb5 Nxd5 25. Qd2 (25. exd5 e4 $15) 25... Nb4 $17) 24... b4 25. Qf3 Qe7 26. Rad1 Qf6 27. Kh2 Nh5 28. Qe2 Nf4 29. Qf3 Nh5 30. Qxf6 Nxf6 31. g3 Ra7 32. Re2 Rae7 33. Rde1 Nh7 34. Ne3 f5 (34... Nf8 $14) 35. exf5 $16 gxf5 36. Bxf5 (36. Nxf5 Bxf5 37. Bxf5 Nxb3 $15) (36. Nf3 $14) 36... Nxb3 $11 37. Bxc8 $1 Rxc8 38. Nf5 Rd7 39. Bxh6 Bxh6 40. Nxh6+ Kh8 41. f4 exf4 (41... Nd4 42. fxe5 $1 Kg7 43. e6 $14) 42. gxf4 ({White should try} 42. Nf3 $11) 42... Nd4 $15 43. Re7 Rcc7 {[%emt 0:00:17][%mdl 1024] Black has strong compensation.} (43... Rxe7 $6 44. Rxe7 Rb8 45. Nf7+ Kg8 46. Nh6+ (46. Nxd6 b3 $19) 46... Kh8 47. Nf7+ Kg8 48. Nh6+ (48. Nxd6 $2 b3 $19) 48... Kh8 $11) 44. Re8+ (44. Rxd7 $142 Rxd7 45. Kg2) 44... Kg7 $17 45. Ng4 {[%emt 0:00:07] [#]} b3 (45... Nf6 $1 $17 46. Nxf6 Kxf6) 46. Kg2 $15 b2 47. Rb1 Rb7 {[%emt 0:01:13] ...Rb3 is the strong threat.} 48. Nf3 $36 {[%emt 0:00:08][%mdl 2048] White fights for an advantage.} Nf5 (48... Nf6 $11 {keeps the balance.} 49. Nxf6 Kxf6) 49. Re2 $16 {White is more active.} Rb4 50. Rexb2 a5 ({Better is} 50... Rxa4 $14 51. Kg1 Nf6) 51. Rxb4 cxb4 (51... axb4 $142 52. Kf2 Ra7) 52. Nd2 (52. Kf2 $142) 52... Rc7 (52... Nf6 $16) 53. Nb3 (53. Re1 $18) 53... Rxc4 $11 54. Nxa5 Rc2+ ({Black should play} 54... Rxf4 $14 55. Nc6 b3) 55. Kf3 Rc3+ 56. Kf2 ({But not} 56. Ke4 Ng3+ 57. Kd4 Nf5+ 58. Ke4 Ng3+ 59. Kd4 Nf5+ 60. Ke4 $11) 56... Rxh3 {[%emt 0:01:43] [#]} 57. Rxb4 (57. Nc4 $1 $16) 57... Rg3 $1 58. Nh2 Nf6 59. Nc4 {[%emt 0:00:41][%cal Oc4d6] And now Nxd6! would win.} Ne4+ 60. Kf1 Rc3 61. Nb6 Rc2 62. Kg1 Rc1+ 63. Kg2 Rc2+ 64. Kf3 Nc5 65. Ng4 Rc3+ 66. Ke2 Rc2+ 67. Kf3 Rc3+ 68. Ke2 Rc2+ 69. Kf3 Rc3+ 70. Kf2 $2 (70. Ke2 $11) 70... Rg3 $2 (70... Nd3+ 71. Kg2 Nxb4) 71. Nc4 $2 {[%emt 0:00:30][%mdl 32768] What a bad dream for White.  Weighted Error Value: White=0.17 (very precise) /Black=0.17 (very precise) . An unexpected result.} ({Much worse is} 71. Ne5 dxe5 72. Rc4 Nd3+ 73. Ke2 Nxf4+ 74. Kd2 Rd3+ 75. Ke1 Nxd5 $19) (71. Rc4 Rxg4 72. a5) 1/2-1/2

[Event "13th KIIT Festival-A 2022"]
[Site "Bhubaneswar"]
[Date "2022.05.27"]
[Round "8.12"]
[White "Sidhant, Mohapatra"]
[Black "Shiva Pavan Teja Sharma U"]
[Result "1-0"]
[ECO "E51"]
[WhiteElo "2327"]
[BlackElo "2064"]
[Annotator "TA"]
[PlyCount "75"]
[EventDate "2022.05.15"]
[EventType "swiss"]
[EventCountry "IND"]
[SourceTitle "playchess.com"]
[Source "ChessBase"]
[SourceQuality "1"]
[TimeControl "5400+30"]

1. Nf3 d5 2. d4 Nf6 3. c4 e6 4. Nc3 dxc4 5. e3 c5 6. Bxc4 a6 7. a3 b5 8. Ba2 Bb7 9. O-O Be7 10. Qe2 cxd4 11. exd4 O-O 12. Bg5 {[%emt 0:00:44][%cal Od4d5] E51: Nimzo-Indian: Rubinstein: 4...0-0 5 Nf3 d5.} Nbd7 13. Rad1 Nb6 14. Bb1 {[%emt 0:10:42] The position is equal.} Nbd5 15. Ne4 Nxe4 16. Qxe4 g6 {[%emt 0:01:01] [#]} 17. Bh6 $146 ({Predecessor:} 17. Qh4 Nf6 18. d5 Bxd5 19. Ne5 Rc8 20. Rc1 Rxc1 21. Rxc1 h5 22. Rd1 {1-0 (41) Avrukh,B (2557)-Krush,I (2449) Andorra 2003}) 17... Re8 $1 18. Rfe1 Rc8 19. Ne5 {[%emt 0:04:16][%cal Oe5f7,Bf3e5,Be5d3,Bd3c5][%mdl 32] Hoping for Nxf7!} Bf6 20. Qf3 Rc7 {[%emt 0:03:10][%cal Od5c3] White must now prevent ...Nc3!} 21. Be4 Bg7 22. Bxg7 Kxg7 23. Rc1 f6 24. Nd3 Ree7 25. Nc5 Bc8 26. Bxd5 {[%emt 0:06:27] White is more active.} (26. b4 {looks sharper.} Nb6 27. Qg3 Nc4 28. Qc3) 26... Qxd5 27. Qxd5 exd5 28. f3 Kf7 29. Kf2 Rxe1 30. Kxe1 $14 {[%emt 0:00:46][%mdl 4096] Endgame KRB-KRN} Ke7 31. Kd2 Kd6 32. Re1 Re7 $2 {[%emt 0:02:08] Prevents Re8. This move loses the game for Black.} (32... Bd7 $16 {might work better.}) 33. Rxe7 $18 Kxe7 34. Kc3 $1 a5 {[%emt 0:00:29] [#]} 35. Nb3 $1 a4 36. Nc5 {[%emt 0:00:01] aiming for Kb4.} Kd6 37. Kb4 Kc6 {[%emt 0:00:20] [#]} 38. Ka5 $1 {[%emt 0:00:02] Weighted Error Value: White=0.07 (flawless) /Black=0.21 (precise)} 1-0

[Event "13th KIIT Festival-A 2022"]
[Site "Bhubaneswar"]
[Date "2022.05.27"]
[Round "8.13"]
[White "Aaryan Varshney"]
[Black "Ankit Ray"]
[Result "1-0"]
[ECO "E16"]
[WhiteElo "2308"]
[BlackElo "1932"]
[Annotator "TA"]
[PlyCount "81"]
[EventDate "2022.05.15"]
[EventType "swiss"]
[EventCountry "IND"]
[SourceTitle "playchess.com"]
[Source "ChessBase"]
[SourceQuality "1"]
[TimeControl "5400+30"]

1. d4 Nf6 2. c4 e6 3. Nf3 b6 4. g3 Bb4+ 5. Bd2 Be7 6. Bg2 Bb7 7. O-O O-O 8. Nc3 c6 9. e4 {[%emt 0:04:30] E16: Queen's Indian: 4 g3 Bb7 5 Bg2 Bb4+.} d5 $1 10. e5 {[%emt 0:05:25] 10.exd5 is the hot move.} Ne4 {[%emt 0:00:21] [#]} 11. b3 $146 {[%emt 0:11:59][%cal Bb2b3,Bb3b4,Bb4b5][%mdl 32] The position is equal.} ({Predecessor:} 11. cxd5 Nxd2 12. Qxd2 cxd5 13. Rfe1 a6 14. Bf1 b5 15. Bd3 Nc6 16. Rad1 Qd7 17. h4 {0-1 (45) Swapnil,S (2533)-Moussard,J (2571) Chess.com INT 2018}) 11... Nxd2 12. Nxd2 Na6 13. a3 Rb8 14. b4 c5 15. dxc5 bxc5 16. b5 {[%emt 0:00:15] Hoping for cxd5.} Nc7 17. a4 h6 18. Qc2 Qd7 19. Rfd1 Rfd8 20. Nb3 Qe8 21. Ne2 {[%emt 0:01:17] 0x0.0024a8d10479dp-1022s more active pieces.} (21. Na5 $16) 21... Na8 {[%emt 0:03:35] [#]} (21... dxc4 $11 {remains equal.} 22. Na5 Bxg2 23. Kxg2 Rxd1 24. Rxd1 a6) 22. cxd5 $1 $16 {[%emt 0:04:18] Black is now going downhill.} exd5 (22... Bxd5 $16 {is a better defense.} 23. Bxd5 (23. Nxc5 $2 Rbc8 $19) 23... exd5) 23. Na5 $18 ({But not} 23. Nxc5 $2 Rbc8 24. Nf4 Rxc5 $19) 23... Nc7 24. Nxb7 Rxb7 25. Nc3 Bf8 26. Nxd5 Nxd5 27. Bxd5 ({Much less strong is} 27. Rxd5 $6 Rxd5 28. Bxd5 Qxe5 $16) 27... Rbd7 28. Qe4 {[%emt 0:04:25] e6 is the strong threat.} Kh8 29. f4 Qe7 30. Rac1 h5 31. Rd3 g6 32. Rcd1 Bg7 $2 (32... c4 33. Bxc4 Rxd3 34. Rxd3 Rxd3 35. Qxd3 Kg7) 33. Kg2 Kh7 34. a5 f5 (34... Kh8 $142 35. b6 axb6 36. axb6 Rb8) 35. exf6 Qxf6 {[%emt 0:00:10] [#]} 36. Bg8+ $1 Rxg8 37. Rxd7 Qb2+ 38. Kh3 {[%emt 0:02:18] Intending R1d6 and mate.} Qxb5 39. R1d6 {[%emt 0:00:40] White mates.} Qf1+ 40. Kh4 Kh8 41. Qxg6 {[%emt 0:00:11] Weighted Error Value: White=0.08 (flawless) /Black=0.42} 1-0

[Event "13th KIIT Festival-A 2022"]
[Site "Bhubaneswar"]
[Date "2022.05.27"]
[Round "8.14"]
[White "Gusain, Himal"]
[Black "Rajanya Datta"]
[Result "1-0"]
[ECO "D02"]
[WhiteElo "2396"]
[BlackElo "1589"]
[Annotator "TA"]
[PlyCount "57"]
[EventDate "2022.05.15"]
[EventType "swiss"]
[EventCountry "IND"]
[SourceTitle "playchess.com"]
[Source "ChessBase"]
[SourceQuality "1"]
[TimeControl "5400+30"]

1. d4 d5 2. Nf3 e6 3. Bf4 Bd6 4. e3 c6 5. Nbd2 f5 6. c4 {[%emt 0:05:42] D02: 1 d4 d5 2 Nf3 sidelines, including 2...Nf6 3 g3 and 2...Nf6 3 Bf4.} Nf6 7. Bd3 O-O 8. O-O {[%emt 0:08:19] White is slightly better.} b6 9. Ne5 Bb7 {[%emt 0:00:53] [#]} 10. cxd5 $146 ({Predecessor:} 10. Rc1 Qe7 11. Qe2 c5 12. cxd5 Nxd5 13. dxc5 Bxc5 14. Bg3 Nd7 15. e4 Nb4 16. Bc4 {1-0 (45) Duzhakov,I (2326)-Donskov,A (2172) St Petersburg 2010}) 10... Nxd5 11. Bg3 Qe7 (11... Bxe5 $14 12. Bxe5 Nd7) 12. Ndc4 $16 {[%emt 0:07:22] White leaves nothing to chance now.} Bc7 13. e4 f4 $2 (13... b5 $16 {is more resistant.}) 14. exd5 $18 {[%emt 0:00:09][%cal Od3h7] Black must now prevent Bxh7+!} cxd5 {[%emt 0:06:34] [#]} 15. Bxh7+ $1 Kxh7 16. Qh5+ $40 {[%emt 0:00:07][%mdl 128] White has strong attack.} Kg8 {[%emt 0:00:38] Hoping for ...Rf5.} 17. Ng6 $1 {[%emt 0:00:29][%csl LRe7,LRf8][%cal Rg6e7] Pair of Knights!} Qe8 18. Qh8+ Kf7 19. Nce5+ Bxe5 20. Nxe5+ Ke7 21. Qxg7+ Kd6 22. Qxb7 {[%emt 0:00:10][%cal Of1c1] [#] Intending Rfc1! and mate.} fxg3 23. fxg3 {[%emt 0:00:23] White mates.} Rxf1+ 24. Rxf1 Nd7 25. Qc6+ Ke7 26. Rf7+ Qxf7 27. Qxd7+ Kf6 28. Qxf7+ Kg5 29. Qg6# {[%emt 0:00:38] Weighted Error Value: White=0.02 (flawless) /Black=1.13} 1-0

[Event "13th KIIT Festival-A 2022"]
[Site "Bhubaneswar"]
[Date "2022.05.27"]
[Round "8.15"]
[White "Dhananjay S"]
[Black "Aditya P Melani"]
[Result "1-0"]
[ECO "A38"]
[WhiteElo "2218"]
[BlackElo "1855"]
[Annotator "TA"]
[PlyCount "83"]
[EventDate "2022.05.15"]
[EventType "swiss"]
[EventCountry "IND"]
[SourceTitle "playchess.com"]
[Source "ChessBase"]
[SourceQuality "1"]
[TimeControl "5400+30"]

1. c4 c5 2. Nc3 Nc6 3. g3 g6 4. Bg2 Bg7 5. a3 a5 6. Nf3 Nf6 7. O-O O-O 8. d3 d6 9. Ne1 Ne8 10. Nc2 Nc7 11. Rb1 Bd7 12. Bd2 Rb8 13. b4 axb4 14. axb4 cxb4 15. Nxb4 Nxb4 16. Rxb4 b5 17. Qc1 {[%emt 0:00:30] A38: Symmetrical English vs ...g6: 4 Bg2 Bg7 5 Nf3 Nf6.} Na6 18. Rb1 bxc4 {[%emt 0:00:30] [#]} 19. Qa3 $146 {[%emt 0:00:30] The position is equal.} ({Predecessor:} 19. Rxb8 Qxb8 20. Nd5 Re8 21. Qxc4 Nc5 22. Bg5 Bf8 23. Qh4 Qd8 24. Rc1 Be6 25. Bf3 Bxd5 26. Bxd5 {1-0 (40) Thiede,L (2310)-Vater,I (1715) Ueckermuende 1997}) 19... Nc5 20. dxc4 Bg4 21. Rb5 Bd7 22. Rxb8 Qxb8 23. Rb1 {[%emt 0:00:30] Prevents Qb3.} Qd8 24. Be3 Be6 25. Nd5 Bxd5 26. Bxd5 Qc7 27. Rb5 Rc8 28. Kg2 e6 29. Bf3 Bf8 30. h4 Rb8 31. Ra5 Qb6 32. Ra7 Qb4 33. Qa2 Bg7 34. h5 Qb3 {[%emt 0:00:30] [#]} (34... Bf8 $11) 35. Qa5 $1 $16 Rc8 {[%emt 0:00:30][%mdl 8192] Inhibits Qc7.} (35... Qb6 $16 {was worth a try.}) 36. Ra8 $18 Rb8 37. Qa7 Rf8 38. h6 $2 $40 {[%emt 0:00:30][%mdl 128] White has strong attack.} (38. Bg5 $18) 38... Bf6 {[%emt 0:00:30][%mdl 8192] [#]} (38... Rxa8 $16 39. Qxa8+ Bf8) 39. Rxf8+ Kxf8 40. Qa8+ Ke7 41. Bc6 Bc3 42. Bg5+ {[%emt 0:00:30] Weighted Error Value: White=0.33/Black=0.79} 1-0

[Event "13th KIIT Festival-A 2022"]
[Site "Bhubaneswar"]
[Date "2022.05.27"]
[Round "8.16"]
[White "Tamhankar, Siddhant"]
[Black "Nayak Rajesh"]
[Result "1/2-1/2"]
[ECO "B51"]
[WhiteElo "1802"]
[BlackElo "2179"]
[Annotator "TA"]
[PlyCount "111"]
[EventDate "2022.05.15"]
[EventType "swiss"]
[EventCountry "IND"]
[SourceTitle "playchess.com"]
[Source "ChessBase"]
[SourceQuality "1"]
[TimeControl "5400+30"]

1. e4 c5 2. Nf3 d6 3. Bb5+ Nd7 4. O-O Ngf6 5. d4 cxd4 6. Qxd4 e5 7. Qd3 h6 8. c4 Be7 9. Nc3 a6 10. Bxd7+ Bxd7 11. b3 {[%emt 0:02:08] B51: Sicilian: Moscow Variation (3 Bb5+) without 3...Bd7.} Bc6 (11... b5 $11) 12. Rd1 $14 O-O 13. a4 {[%emt 0:03:02] Inhibits b5. White is slightly better.} b5 {[%emt 0:14:23] [#]} 14. a5 $146 ({Predecessor:} 14. Ba3 bxa4 15. bxa4 Qa5 16. c5 dxc5 17. Nxe5 Qc7 18. Nf3 Qa5 19. Ne5 Qc7 20. Nxc6 Qxc6 {½-½ (32) Ni,H (2633)-Gundavaa,B (2472) Guangzhou 2010}) 14... Rb8 (14... b4 $5 15. Nd5 Nxd5 16. exd5 Bd7 $11) 15. Be3 Qc7 16. Nd5 Bxd5 17. cxd5 Rfc8 18. Rdc1 {[%emt 0:11:29] Prevents Qc3.} Qd7 19. Ne1 Bd8 20. Nc2 b4 $1 21. Ne1 ({White should try} 21. Qxa6 $14 Ra8 22. Qd3) 21... Rc3 (21... Qb7 $11 {keeps the balance.}) 22. Rxc3 $16 bxc3 23. Qxa6 {[%emt 0:01:18] Hoping for f3.} Nxe4 24. Qc6 Qxc6 25. dxc6 {[%emt 0:00:05][%cal Oe3b6] [#] Threatens to win with Bb6!} d5 {[%emt 0:00:03] ...d4 is the strong threat.} (25... Rxb3 $2 26. a6 Rb8 27. a7 $18) 26. Bb6 Bxb6 27. axb6 Rxb6 $14 {[%emt 0:00:02][%mdl 4096] Endgame KRN-KRN} 28. c7 Nd6 29. Ra8+ Kh7 30. Rd8 {[%emt 0:05:36][%cal Od8d6] [#] aiming for Rxd6!} (30. f4 {looks sharper.} f6 31. Rd8 Rc6 32. fxe5 fxe5 33. Rxd6 Rxc7 34. Rxd5 c2 35. Nxc2 Rxc2 36. Rxe5 Rb2 37. Rb5) 30... Rc6 31. f4 Rxc7 32. Rxd6 c2 ({Don't play} 32... exf4 33. Nc2 $16) 33. Nxc2 Rxc2 34. fxe5 $11 {[%emt 0:00:22] KR-KR} Rb2 35. Rxd5 Rxb3 36. Kf2 Kg6 37. Rd7 h5 38. Re7 Ra3 39. e6 f6 40. Re8 Ra5 41. Kf3 Re5 42. g4 (42. Re7 $11) 42... hxg4+ $17 43. Kxg4 f5+ (43... Re4+ $17 44. Kf3 Kf5) 44. Kf4 $11 {[%emt 0:00:08] The position is equal.} Re2 45. e7 Re4+ 46. Kf3 Kg5 47. h4+ Kf6 48. Rf8+ Kxe7 49. Rxf5 Rxh4 50. Kg3 Rb4 51. Ra5 Kf6 52. Ra6+ Kg5 53. Ra5+ Kh6 54. Ra6+ g6 55. Ra5 g5 56. Ra8 {[%emt 0:00:16] Weighted Error Value: White=0.12 (very precise) /Black=0.12 (very precise)} 1/2-1/2

[Event "13th KIIT Festival-A 2022"]
[Site "Bhubaneswar"]
[Date "2022.05.27"]
[Round "8.17"]
[White "Santu, Mondal"]
[Black "Priansh Das"]
[Result "1-0"]
[ECO "E69"]
[WhiteElo "2097"]
[BlackElo "1754"]
[Annotator "TA"]
[PlyCount "65"]
[EventDate "2022.05.15"]
[EventType "swiss"]
[EventCountry "IND"]
[SourceTitle "playchess.com"]
[Source "ChessBase"]
[SourceQuality "1"]
[TimeControl "5400+30"]

1. d4 Nf6 2. Nf3 g6 3. c4 d6 4. Nc3 Bg7 5. g3 O-O 6. Bg2 c6 7. e4 Nbd7 8. O-O e5 9. h3 Qe7 10. Re1 b6 {[%emt 0:03:21] 10...h6 is a critical line. E69: King's Indian: Fianchetto: 6...Nbd7 7 0-0 e5 8 e4 c6 9 h3.} 11. b3 {[%emt 0:04:52] [#]} exd4 $146 ({Predecessor:} 11... Bb7 12. Ba3 c5 13. dxe5 Nxe5 14. Nxe5 Qxe5 15. Bb2 Rad8 16. Qd2 Qe7 17. Rad1 Rfe8 18. Nb5 {1-0 (47) Terry,R (2510)-Galaktionov,A (2343) Chess.com INT 2019}) 12. Nxd4 Bb7 {[%emt 0:00:10] White is better.} 13. Bb2 (13. Bg5 {is interesting.} h6 14. Bf4 Nh5 15. Be3) 13... Rfe8 14. Qd2 Rad8 15. Rad1 {[%emt 0:01:00] White is more active.} Nc5 16. Kh2 Ne6 $2 {[%emt 0:05:17] [#] White leaves nothing to chance now.} (16... Qd7 $14) 17. Nd5 $1 $18 cxd5 18. exd5 Qc7 {[%emt 0:11:40] Hoping for ...Nxd4.} (18... Nxd5 $2 19. cxd5 Qg5 20. Rxe6 (20. Nxe6 Qxd2 21. Rxd2 fxe6 $16) 20... Qxd2 21. Rxe8+ Rxe8 22. Rxd2 $18) 19. dxe6 {[%emt 0:01:25] And now Nb5 would win.} Bxg2 20. Kxg2 Qb7+ 21. Kh2 Ne4 {[%emt 0:00:55] [#]} 22. Qf4 f5 (22... Nc5 {keeps fighting.}) 23. Re2 $2 (23. f3 $18 {and the rest is easy.} Be5 24. Qe3 Bxg3+ 25. Kg2) 23... h6 $2 (23... Bxd4 $16 24. Rxd4 (24. Bxd4 Rxe6 25. Bb2 Rde8 $16) 24... Rxe6) 24. h4 h5 $2 (24... Nf6 {is more resistant.} 25. Rde1 Re7) 25. Rde1 (25. f3 $142 Nc5 26. Qg5) 25... Nc5 (25... Be5 26. Qh6 Qh7 27. Qxh7+ Kxh7) 26. Qd2 $2 (26. e7 Rd7 27. Qg5) 26... Kh7 $2 (26... Ne4 27. Qe3 Be5) 27. e7 {[%emt 0:02:49] Strongly threatening Nxf5.} Rd7 {[%emt 0:00:30] [#]} 28. Nxf5 $1 {[%emt 0:00:50][%mdl 512] White mates.} gxf5 (28... Rdxe7 29. Rxe7) 29. Bxg7 Rdxe7 30. Qh6+ Kg8 31. Rxe7 Rxe7 32. Qh8+ Kf7 33. Qf8+ {[%emt 0:00:13] Weighted Error Value: White=0.38/Black=0.87} 1-0

[Event "13th KIIT Festival-A 2022"]
[Site "Bhubaneswar"]
[Date "2022.05.27"]
[Round "8.18"]
[White "Velpula Sarayu"]
[Black "Rakesh, Kumar Nayak"]
[Result "0-1"]
[ECO "C45"]
[WhiteElo "1845"]
[BlackElo "2053"]
[Annotator "TA"]
[PlyCount "48"]
[EventDate "2022.05.15"]
[EventType "swiss"]
[EventCountry "IND"]
[SourceTitle "playchess.com"]
[Source "ChessBase"]
[SourceQuality "1"]
[TimeControl "5400+30"]

1. e4 e5 2. Nf3 Nc6 3. d4 exd4 4. Nxd4 Nf6 5. Nxc6 bxc6 6. e5 Qe7 7. Qe2 Nd5 8. h4 h6 {[%emt 0:00:00] C45: Scotch Game.} 9. c4 Ba6 {[%emt 0:00:00] [#]} 10. g3 $146 ({Predecessor:} 10. Rh3 Nb6 11. Nd2 Qe6 12. b3 Bb4 13. Bb2 Qe7 14. O-O-O Ba3 15. f4 O-O-O 16. Ne4 {0-1 (37) Dimitrov,V (2391)-Stefanov,E (2458) Veliko Tarnovo 2017}) 10... g6 {[%emt 0:00:00] The position is equal.} 11. h5 g5 (11... Qb4+ 12. Nd2 $16) 12. Bg2 ({White should play} 12. Qe4 $11) 12... Bg7 $1 $15 13. O-O O-O $1 ({Don't take} 13... Bxe5 14. Re1 f6 15. Qe4 $11) 14. Re1 Rfe8 15. Qg4 {[%emt 0:09:30] [#]} (15. Qc2 $11 {keeps the balance.} Qc5 16. Nd2) 15... Nf6 $3 16. Qd1 Bxc4 17. Nc3 (17. Na3 $15 Ba6 18. Bxg5 hxg5 19. exf6 Qxe1+ 20. Qxe1 Rxe1+ 21. Rxe1 Bxf6 22. b3) 17... d5 ({Black should try} 17... Nh7 $17 18. Bd2 Rab8) 18. Qa4 $2 {[%emt 0:11:25] This costs White the game.} (18. b3 $11 {and White is okay.} Ba6 19. Bb2) 18... Ng4 $36 {[%emt 0:00:00][%cal Oe7f6][%mdl 2048] And now ...Qf6! would win. Black is on the roll.} ({Not} 18... Nxh5 19. Qxc6 Qe6 20. Qxe6 Rxe6 21. g4 $11 (21. Bxd5 Bxd5 22. Nxd5 Bxe5 $17)) 19. e6 $2 (19. Be3 {was called for.}) 19... fxe6 20. Qd1 {[%emt 0:06:48] [#]} Nxf2 21. Kxf2 Qc5+ 22. Kf3 $2 (22. Be3 d4 23. Kg1 dxe3 24. Ne4) 22... d4 {[%emt 0:09:00] Black is clearly winning.} 23. Ne4 Qf5+ 24. Bf4 e5 {[%emt 0:00:00][%mdl 64] Pin.  Weighted Error Value: White=0.78/Black=0.40} 0-1

[Event "13th KIIT Festival-A 2022"]
[Site "Bhubaneswar"]
[Date "2022.05.27"]
[Round "8.19"]
[White "Liyanage, Pesandu Rashmitha"]
[Black "Harini, S.."]
[Result "1-0"]
[ECO "D00"]
[WhiteElo "1730"]
[BlackElo "2021"]
[Annotator "TA"]
[PlyCount "139"]
[EventDate "2022.05.15"]
[EventType "swiss"]
[EventCountry "IND"]
[SourceTitle "playchess.com"]
[Source "ChessBase"]
[SourceQuality "1"]
[TimeControl "5400+30"]

1. d4 Nf6 2. Bf4 d5 3. e3 c5 4. c3 Nc6 5. Nd2 Bf5 6. Qb3 {[%emt 0:00:06] D00: 1 d4 d5: Unusual lines.} Qd7 7. dxc5 e5 8. Bg3 {[%emt 0:00:12] The position is equal.} Bxc5 9. Ngf3 Qe7 {[%emt 0:06:00] Black wants to play ...d4.} 10. Bb5 Bd6 11. Bh4 Be6 (11... a6 $5 12. Bxf6 gxf6 $15) 12. Ng5 {[%emt 0:00:33] [#]} O-O $146 ({Predecessor:} 12... Bd7) 13. Nxe6 fxe6 14. e4 Kh8 15. O-O a6 16. Bd3 Rad8 17. Rad1 Bb8 18. Rfe1 b5 (18... h6 $11 {remains equal.}) 19. a4 Na5 20. Qc2 Qe8 21. axb5 axb5 22. Nf3 Rc8 (22... Nb7 $142) 23. Bg3 $16 {[%emt 0:09:23] Hoping for exd5.} dxe4 24. Bxe4 Nc4 25. Bd3 Qh5 26. Bxc4 bxc4 27. Bxe5 Ng4 28. Bxb8 Rxb8 29. Qe2 ({Stronger than} 29. Rxe6 Rxf3 $1 30. gxf3 Nxh2 $11) 29... h6 (29... Rxf3 {might work better.} 30. Qxf3 Qxh2+ 31. Kf1 Qh1+ 32. Ke2 Qh4) 30. h3 $18 Nf6 31. Ne5 ({Much less strong is} 31. Qxe6 Rxb2 32. Qxc4 Ra8 $18) 31... Qxe2 32. Rxe2 Rfc8 33. Rd4 Nd5 34. Nxc4 Rc6 35. g3 Kg8 36. Ne5 Rcb6 37. Rdd2 {[%emt 0:00:15] Black must now prevent Nd7.} R8b7 {[%emt 0:00:31] Inhibits Nd7.} 38. Nd3 Rc6 39. Kg2 Kf8 40. h4 Ke7 41. Ne5 Rcb6 42. Nc4 {[%emt 0:00:10] Threatens to win with Rxd5.} Rb5 43. Kf3 Rc5 44. Ne3 Nf6 45. Ng2 Rf5+ 46. Ke3 $1 Ng4+ 47. Kd3 Ne5+ 48. Ke4 Nc4 {[%emt 0:00:21] [#]} 49. Rc2 Nd6+ 50. Kd3 Rd5+ 51. Ke3 Nc4+ 52. Kf3 Ne5+ 53. Kf4 Kf6 54. Ne3 $4 {[%emt 0:00:25][%mdl 8192] [#]} (54. Ke4 $18) 54... g5+ $4 (54... Rb4+ $1 {[%mdl 512] mates} 55. Nc4 g5+ 56. hxg5+ hxg5+ 57. Ke4 Rxc4+ 58. Ke3 Rd3#) 55. hxg5+ hxg5+ 56. Ke4 Rdb5 57. f4 gxf4 58. gxf4 Nd7 59. Ng4+ Ke7 60. Rh2 Nc5+ 61. Ke3 Na4 (61... Nd7 $142 62. Rh7+ Kd8) 62. Rh7+ Kd6 63. Rxb7 Rxb7 {[%emt 0:00:03][%mdl 4096] Endgame KRN-KRN} 64. b4 Kc6 65. Nf2 Kb5 66. Ne4 {[%emt 0:00:07] And now Nd6+ would win.} Rh7 67. Kd4 Rh5 68. Ng5 Rh6 $2 (68... Rh1 69. Ne4 Rd1+ 70. Rd2 Rg1) 69. Re2 {[%emt 0:00:21] Re5+ is the strong threat.} Rh1 70. Re5+ {[%emt 0:00:15] White used his chance.  Weighted Error Value: White=0.25 (precise) /Black=0.37} 1-0